 Dungeon Crawl Stone Soup version 0.22-a0-439-gac93bac (webtiles) character file.

40 Borgoz the Ruffian (level 3, -1/30 HPs)
             Began as a Ghoul Gladiator on May 29, 2018.
             Slain by an adder (5 damage)
             ... on level 2 of the Dungeon.
             The game lasted 00:01:30 (1032 turns).

Borgoz the Ruffian (Ghoul Gladiator)                Turns: 1032, Time: 00:01:31

Health: -1/30      AC:  4    Str: 17    XL:     3   Next: 50%
Magic:  2/2        EV: 12    Int:  3    God:
Gold:   14         SH:  0    Dex: 11    Spells: 2/2 levels left

rFire    . . .     SeeInvis .     - Unarmed
rCold    + . .     Gourm    .   (no shield)
rNeg     + + +     Faith    .   a - +0 leather armour
rPois    ∞         Spirit   .   b - +0 helmet
rElec    .         Reflect  .   (no cloak)
rCorr    .         Harm     .   (no gloves)
MR       .....                  (no boots)
Stlth    +.........             (no amulet)
HPRegen  0.00/turn              (no ring)
MPRegen  0.08/turn              (no ring)

@: rotting
A: rotting body, claws 1, carnivore, cold resistance 1, negative energy
resistance 3, inhibited regeneration, torment resistance, unbreathing
a: no special abilities


You were on level 2 of the Dungeon.
You were not hungry.

You visited 1 branch of the dungeon, and saw 2 of its levels.

You collected 14 gold pieces.

Inventory:

Missiles
 c - 3 throwing nets (quivered)
Armour
 a - a +0 leather armour (worn)
 b - a +0 helmet (worn)
Scrolls
 e - a scroll of blinking {unknown}
 g - a scroll of magic mapping {unknown}
 i - a scroll of amnesia {unknown}
 j - a scroll of identify {unknown}
Potions
 h - a potion of resistance {unknown}
 k - a potion of cancellation {unknown}
Comestibles
 d - a ration


   Skills:
 + Level 2.5 Fighting
 - Level 1.7 Throwing
 * Level 1.3 Armour
 * Level 3.2 Dodging
 + Level 3.6 Unarmed Combat


You had 2 spell levels left.
You didn't know any spells.
Your spell library was empty.

Dungeon Overview and Level Annotations

Branches:
Dungeon (2/15)

Altars:


Innate Abilities, Weirdness & Mutations

Your body is rotting away.
You thrive on raw meat.
You are immune to poison.
You have sharp fingernails.
You are carnivorous and can eat meat at any time.
Your flesh is cold resistant. (rC+)
You are immune to negative energy. (rN+++)
You do not regenerate when monsters are visible.
You are immune to unholy pain and torment.
You can survive without breathing.


Message History

The adder is almost dead.
The adder misses you. The worker ant barely misses you.
You miss the adder.
The adder is almost dead.
The adder bites you. The worker ant bites you.
* * * LOW HITPOINT WARNING * * *
The adder barely misses you.
You miss the adder.
The adder is almost dead.
The worker ant completely misses you. The adder barely misses you.
You closely miss the adder. Your claw misses the adder.
The adder is almost dead.
The worker ant waves its antennae.
The worker ant bites you.
* * * LOW HITPOINT WARNING * * *
The adder barely misses you. The worker ant barely misses you.
You miss the adder.
The adder is almost dead.
The adder bites you.
You die...

##### ####.... .#
###......# .#
........# .# ####
#.....†###.##.....
#........#........
.##.....<...###.....
......S##...........
.......@ag......##
######.####.....# #.
#...$.# #. #.....#
#. #.....# #.
......# #. .......#
#. .........
#..........


You could see a worker ant, an adder and a hobgoblin.

Vanquished Creatures
  An ooze (D:1)
  A dart slug (D:1)
  A ball python (D:2)
  3 giant cockroaches (D:1)
  2 goblins (D:1)
  A hobgoblin (D:1)
  9 jackals (D:1)
  6 bats
  A frilled lizard (D:1)
  3 kobolds (D:1)
  4 rats (D:1)
32 creatures vanquished.

Notes
Turn   | Place    | Note
-------+----------+-------------------------------------------
     0 | D:1      | Borgoz the Ghoul Gladiator began the quest for the Orb.
     0 | D:1      | Reached XP level 1. HP: 17/17 MP: 0/0
    59 | D:1      | Reached XP level 2. HP: 10/24 MP: 1/1
   442 | D:1      | Reached skill level 1 in Armour
   498 | D:1      | Reached XP level 3. HP: 30/30 MP: 2/2
  1032 | D:2      | Slain by an adder

Vault maps used:
D:1:      dpeg_arrival_rhombi
D:2:      overflow_temple_1_default

Skill      XL: |  1  2 |
---------------+-------+-----
Dodging        | 3 |  3.2
Armour         | 1 |  1.3
Fighting       | |  2.5
Throwing       | |  1.7
Unarmed Combat | |  3.6

Action                   || total
-------------------------++-------
Melee: Unarmed           ||   110
       Punch             ||     2
  Eat: Chunk             ||     8
Armor: Leather armour    ||    35
Dodge: Dodged            ||    92

Table legend:
 A = Spawn XP
 B = Non-spawn XP
 C = Spawn XP percentage of total XP
 D = Spawn monster count
 E = Non-spawn monster count
 F = Spawn count percentage of total count
 G = Total turns spent on level
                    A         B        C        D         E        F      G
               +---------+---------+-------+---------+---------+-------+---------
         Total |       0 |      58 |   0.0 |       0 |      32 |   0.0 |  1032
               +---------+---------+-------+---------+---------+-------+---------
           D:1 |       0 |      54 |   0.0 |       0 |      29 |   0.0 |  1001
           D:2 |       0 |       4 |   0.0 |       0 |       3 |   0.0 |    31
               +---------+---------+-------+---------+---------+-------+---------
